 Dungeon Crawl Stone Soup version 0.21.1 (webtiles) character file.

24434 Peloso the Carver (level 12, -10/110 HPs)
             Began as a Minotaur Fighter on Feb 3, 2018.
             Was the Champion of Okawaru.
             Mangled by a sun demon (24 damage)
             ... summoned by a kobold demonologist
             ... on level 13 of the Dungeon.
             The game lasted 00:43:08 (15934 turns).

Peloso the Carver (Minotaur Fighter)               Turns: 15934, Time: 00:43:08

Health: -10/110    AC: 15    Str: 26    XL:     12   Next: 80%
Magic:  11/11      EV: 13    Int:  5    God:    Okawaru [******]
Gold:   175        SH: 15    Dex: 22    Spells: 11/11 levels left

rFire    x . .     SeeInvis .   Y - +10 Maxwell's thermic engine {flame, freeze, rF- rC-}
rCold    . . .     Gourm    .   c - +0 shield
rNeg     . . .     Faith    .   V - +2 scale mail of the Desert {rElec rC+ rCorr Dex+4}
rPois    .         Spirit   .   U - +1 hat {MR+}
rElec    +         Reflect  .   r - +0 cloak
rCorr    +         Harm     .   (no gloves)
MR       +....                  h - +0 pair of boots
Stlth    +.........             (no amulet)
HPRegen  0.28/turn              P - +6 ring of dexterity
MPRegen  0.12/turn              H - +2 ring of strength

@: no status effects
A: retaliatory headbutt, horns 2
a: Heroism, Finesse, Renounce Religion


You were on level 13 of the Dungeon.
You worshipped Okawaru.
Okawaru was exalted by your worship.
You were near starving.

You visited 2 branches of the dungeon, and saw 14 of its levels.

You collected 842 gold pieces.
You spent 667 gold pieces at shops.

Inventory:

Hand Weapons
 a - a +4 scimitar of flaming
 Y - the +10 Maxwell's thermic engine (weapon) {flame, freeze, rF- rC-}
   (Okawaru gifted it to you on level 13 of the Dungeon)

   It has been specially enchanted to burn those struck by it, causing extra
   injury to most foes and up to half again as much damage against particularly
   susceptible opponents.
   Big, fiery blades are also staple armaments of hydra-hunters.
   It makes you vulnerable to fire.
   It makes you vulnerable to cold.
Missiles
 l - 109 bolts
Armour
 b - a +0 plate armour
 c - a +0 shield (worn)
 h - a +0 pair of boots (worn)
 r - a +0 cloak (worn)
 Q - +0 acid dragon scales
 T - a +2 hat of see invisible
 U - a +1 hat of magic resistance (worn)
 V - the +2 scale mail of the Desert (worn) {rElec rC+ rCorr Dex+4}
   (You found it on level 12 of the Dungeon)

   It affects your dexterity (+4).
   It protects you from cold.
   It insulates you from electricity.
   It protects you from acid and corrosion.
Jewellery
 i - an uncursed ring of see invisible
 G - an uncursed ring of magical power
 H - a +2 ring of strength (right hand)
 J - an uncursed ring of protection from magic
 P - a +6 ring of dexterity (left hand)
 W - an uncursed ring of protection from cold
Wands
 A - a wand of digging (24)
 B - a wand of flame (23)
 F - a wand of random effects (24)
 K - a wand of paralysis (25)
 L - a wand of acid (17)
 N - a wand of iceblast (3)
 X - a wand of disintegration (10)
Scrolls
 d - a scroll of holy word {unknown}
 e - 7 scrolls of amnesia
 k - 7 scrolls of remove curse
 o - 10 scrolls of teleportation
 q - 7 scrolls of enchant weapon
 s - 4 scrolls of magic mapping
 t - 4 scrolls of fear {unknown}
 x - 5 scrolls of fog
 y - a scroll of brand weapon
 z - 5 scrolls of blinking
 E - 2 scrolls of immolation {unknown}
 I - a scroll of vulnerability {unknown}
 M - 2 scrolls of enchant armour {unknown}
Potions
 g - 2 potions of flight
 j - 6 potions of haste
 m - a potion of cancellation
 p - 2 potions of heal wounds
 u - 2 potions of magic
 v - 5 potions of curing
 w - 5 potions of brilliance
 C - 2 potions of agility
 O - a potion of mutation
 R - a potion of resistance
Comestibles
 f - 29 rations


   Skills:
 + Level 11.4 Fighting
 + Level 14.0 Long Blades
 + Level 12.6 Armour
 + Level 4.0 Dodging
 + Level 1.1 Stealth
 + Level 13.4 Shields
 + Level 0.3 Invocations
 + Level 0.2 Evocations


You had 11 spell levels left.
You didn't know any spells.

Dungeon Overview and Level Annotations

Branches:
Dungeon (13/15)            Temple (1/1) D:6            Lair (0/6) D:9
    Orc (0/2) D:10
 Vaults: D:13-14

Altars:
Ashenzari
Cheibriados
Elyvilon
Gozag
Hepliaklqana
Kikubaaqudgha
Nemelex Xobeh
Okawaru
Qazlal
Ru
Sif Muna
Trog
Vehumet
Wu Jian
Xom
Yredelemnul
The Shining One
Jiyva

Shops:
D:5 ?   D:13 ?


Innate Abilities, Weirdness & Mutations

You reflexively headbutt those who attack you in melee.
You have a pair of horns on your head.


Message History

The sun demon is heavily wounded.
The kobold demonologist miscasts a cantrip.
The sun demon hits you!!
You are engulfed in flames!!
The fire burns you terribly!
Unknown command.
You slash the sun demon! You freeze the sun demon.
You headbutt the sun demon, but do no damage.
The sun demon is severely wounded.
The crimson imp blinks!
The kobold demonologist casts a spell.
You block the sun demon's attack.
Unknown command.
You hit the sun demon but do no damage. You freeze the sun demon.
You headbutt the sun demon, but do no damage.
The sun demon is severely wounded.
The crimson imp hits you but does no damage.
The sun demon hits you!!
* * * LOW HITPOINT WARNING * * *
You are engulfed in flames!!
The fire burns you terribly!
You die...

###########
#.........##############
')........'>..(.@3KKKKK.
#)........###....5######
#.........# #.....#
#.........# #.....#
#.........# #.....#
#.........# #.....#
#.....)...# #.....#
#.........# #.....#


You could see a sun demon, 2 kobold demonologists, a crimson imp and 3 kobolds.

Vanquished Creatures
  Gastronok (D:12)
  Azrael (D:12)
  Snorg (D:12)
  2 hydras
  Harold (D:12)
  4 two-headed ogres
  Nergalle (D:12)
  5 skeletal warriors
  A wolf spider zombie (D:12)
  2 manticores
  A centaur zombie (D:13)
  A gargoyle (D:13)
  A kobold demonologist (D:13)
  A yaktaur (D:12)
  2 trolls
  4 hippogriffs
  The ghost of Artagas the Insei, an amateur OpTm (D:6)
  A shadow (D:12)
  2 wraiths (D:12)
  A vampire (D:10)
  A basilisk (D:13)
  11 yaks
  A hungry ghost (D:8)
  5 fire elementals (D:12)
  An acid dragon (D:10)
  A water moccasin (D:10)
  5 hell hounds
  3 orc warriors
  3 phantoms
  4 ice beasts
  A sky beast (D:9)
  A black bear (D:6)
  5 ogres
  4 centaurs
  3 big kobolds
  A bullfrog (D:12)
  A scorpion (D:8)
  19 killer bees
  3 wights (D:8)
  4 howler monkeys
  A quasit (D:9)
  4 crimson imps
  2 bullfrog zombies
  4 hounds
  7 jellies
  12 orc priests
  5 centaur skeletons
  Crazy Yiuf (D:2)
  3 iguanas
  Jessica (D:2)
  2 bullfrog skeletons
  Terence (D:1)
  7 orc wizards
  9 worker ants
  3 hound skeletons
  Robin (D:2)
  A worker ant zombie (D:8)
  4 gnolls (D:4)
  11 adders
  4 shadow imps
  An ooze (D:3)
  An adder skeleton (D:9)
  6 worms
  A dart slug (D:1)
  4 leopard geckos
  48 orcs
  10 giant cockroaches
  19 goblins
  12 hobgoblins
  15 jackals
  5 quokkas
  4 ball pythons
  11 bats
  A frilled lizard (D:1)
  13 kobolds
  A leopard gecko skeleton (D:6)
  A leopard gecko zombie (D:5)
  A quokka zombie (D:5)
  8 rats
  A fungus (D:2)
357 creatures vanquished.

Notes
Turn   | Place    | Note
-------+----------+-------------------------------------------
     0 | D:1      | Peloso the Minotaur Fighter began the quest for the Orb.
     0 | D:1      | Reached XP level 1. HP: 19/19 MP: 0/0
   122 | D:1      | Reached XP level 2. HP: 27/27 MP: 1/1
   609 | D:2      | Noticed Terence
   609 | D:2      | Noticed Robin
   617 | D:1      | Reached XP level 3. HP: 31/33 MP: 2/2
   627 | D:1      | Killed Terence
   627 | D:1      | Reached skill level 3 in Long Blades
   757 | D:1      | Reached XP level 4. HP: 39/40 MP: 3/3
   771 | D:2      | Killed Robin
  1199 | D:2      | Found an ornate altar of the Wu Jian Council.
  1269 | D:2      | Noticed Jessica
  1276 | D:2      | Killed Jessica
  1276 | D:2      | Reached skill level 4 in Long Blades
  1276 | D:2      | Reached XP level 5. HP: 43/47 MP: 4/4
  1791 | D:2      | Found a runed door.
  1795 | D:2      | Noticed Crazy Yiuf
  1799 | D:2      | Killed Crazy Yiuf
  1799 | D:2      | Reached skill level 5 in Shields
  2095 | D:3      | Reached XP level 6. HP: 53/53 MP: 5/5
  2215 | D:3      | Found a stormy altar of Qazlal.
  2216 | D:3      | Found a bloodstained altar of Trog.
  2267 | D:3      | Reached skill level 5 in Long Blades
  2758 | D:4      | Reached skill level 5 in Fighting
  3028 | D:4      | Reached skill level 6 in Long Blades
  3028 | D:4      | Reached XP level 7. HP: 54/61 MP: 6/6
  3045 | D:4      | Reached skill level 5 in Armour
  3747 | D:4      | Found an opulent altar of Gozag.
  3761 | D:4      | Found a sparkling altar of Nemelex Xobeh.
  4043 | D:5      | Entered Level 5 of the Dungeon
  4084 | D:4      | Reached skill level 7 in Long Blades
  4084 | D:4      | Reached skill level 1 in Dodging
  4164 | D:5      | Found Koeh's Magic Scroll Shoppe.
  4172 | D:5      | Bought a scroll of brand weapon for 240 gold pieces
  4172 | D:5      | Bought a scroll of identify for 24 gold pieces
  4243 | D:5      | Reached XP level 8. HP: 69/70 MP: 7/7
  4627 | D:6      | Reached skill level 8 in Long Blades
  4783 | D:6      | Found a staircase to the Ecumenical Temple.
  4813 | Temple   | Entered the Ecumenical Temple
  4821 | Temple   | Became a worshipper of Warmaster Okawaru
  4831 | D:6      | Noticed Artagas's ghost (amateur OpTm)
  4848 | D:6      | Killed Artagas's ghost
  4932 | D:6      | Found a deep blue altar of Sif Muna.
  4994 | D:6      | Found a snail-covered altar of Cheibriados.
  5694 | D:7      | Found a white marble altar of Elyvilon.
  5802 | D:7      | Reached skill level 9 in Long Blades
  6430 | D:8      | Reached XP level 9. HP: 78/78 MP: 8/8
  6472 | D:8      | Noticed a two-headed ogre
  6478 | D:8      | Killed a two-headed ogre
  6478 | D:8      | Reached * piety under Okawaru
  6600 | D:8      | Reached skill level 10 in Long Blades
  6837 | D:8      | Reached ** piety under Okawaru
  7161 | D:8      | Found a viscous altar of Jiyva.
  7840 | D:5      | Bought a scroll of magic mapping for 42 gold pieces
  7840 | D:5      | Bought a scroll of enchant weapon for 90 gold pieces
  7840 | D:5      | Bought a scroll of fog for 24 gold pieces
  8146 | D:9      | Reached XP level 10. HP: 61/88 MP: 9/9
  8308 | D:9      | Found a staircase to the Lair.
  8887 | D:5      | Bought a scroll of remove curse for 36 gold pieces
  9246 | D:10     | Entered Level 10 of the Dungeon
  9485 | D:9      | Reached *** piety under Okawaru
  9489 | D:9      | Reached skill level 11 in Long Blades
  9509 | D:9      | Reached skill level 10 in Shields
  9922 | D:10     | Found a staircase to the Orcish Mines.
  9931 | D:10     | Noticed a two-headed ogre
  9949 | D:10     | Killed a two-headed ogre
  9949 | D:10     | Reached **** piety under Okawaru
 10100 | D:10     | Noticed a two-headed ogre
 10111 | D:10     | Killed a two-headed ogre
 10111 | D:10     | Reached ***** piety under Okawaru
 10111 | D:10     | Reached skill level 10 in Armour
 10352 | D:10     | Noticed a manticore
 10367 | D:10     | Killed a manticore
 10367 | D:10     | Reached XP level 11. HP: 50/95 MP: 10/10
 11466 | D:12     | Noticed Nergalle
 11488 | D:12     | Killed Nergalle
 11827 | D:12     | Noticed Azrael
 11843 | D:12     | Reached skill level 12 in Long Blades
 11858 | D:12     | Killed Azrael
 11858 | D:12     | Received a gift from Okawaru
 12194 | D:12     | Noticed Gastronok
 12201 | D:12     | Killed Gastronok
 12201 | D:12     | Reached skill level 10 in Fighting
 12392 | D:12     | Got a smoking scale mail
 12516 | D:11     | Noticed Harold
 12516 | D:11     | Noticed a two-headed ogre
 12516 | D:11     | Noticed a skeletal warrior
 12516 | D:11     | Noticed a skeletal warrior
 12516 | D:11     | Noticed a skeletal warrior
 12516 | D:11     | Noticed a skeletal warrior
 12520 | D:11     | Noticed a skeletal warrior
 12531 | D:12     | Killed a skeletal warrior
 12531 | D:12     | Reached XP level 12. HP: 59/106 MP: 11/11
 12705 | D:11     | Noticed a seven-headed hydra
 13024 | D:12     | Killed a two-headed ogre
 13024 | D:12     | Reached skill level 13 in Long Blades
 13241 | D:12     | Found a bloodstained altar of Trog.
 13243 | D:12     | Found a hazy altar of Hepliaklqana.
 13243 | D:12     | Found an ancient bone altar of Kikubaaqudgha.
 13245 | D:12     | Found an ornate altar of the Wu Jian Council.
 13245 | D:12     | Found a shimmering altar of Xom.
 13245 | D:12     | Found an ancient bone altar of Kikubaaqudgha.
 13245 | D:12     | Noticed Snorg
 13260 | D:12     | Killed Snorg
 13906 | D:3      | Identified the +2 scale mail of the Desert {rElec rC+ rCorr Dex+4} (You found it on level 12 of the Dungeon)
 13961 | D:5      | Bought a scroll of identify for 24 gold pieces
 14548 | D:12     | Killed a four-headed hydra
 15017 | D:13     | Received a gift from Okawaru
 15018 | D:13     | Found the +2 Maxwell's thermic engine {flame, freeze, rF- rC-}
 15307 | D:12     | Killed Harold
 15321 | D:12     | Reached skill level 1 in Stealth
 15759 | D:13     | Found Rayvaosa's Magic Scroll Shop.
 15768 | D:13     | Bought a scroll of teleportation for 45 gold pieces
 15881 | D:13     | Bought a scroll of enchant weapon for 112 gold pieces
 15881 | D:13     | Bought a scroll of identify for 30 gold pieces
 15890 | D:13     | Noticed a five-headed hydra
 15899 | D:13     | Killed a two-headed hydra
 15899 | D:13     | Reached ****** piety under Okawaru
 15930 | D:13     | Reached skill level 14 in Long Blades
 15934 | D:13     | Mangled by a sun demon

Skill      XL: |  1  2  3  4  5  6  7  8  9 10 11 12 |
---------------+-------------------------------------+-----
Fighting       | 4 5 6 7 8 10 11 | 11.4
Shields        | 4 5 6 7 9 10 12 13 | 13.4
Armour         | 4 6 7 8 10 11 12 | 12.6
Long Blades    | 3 4 6 7 9 10 11 12 14 | 14.0
Dodging        | 1 2 3 4 |  4.0
Stealth        | 1 |  1.1
Invocations    | |  0.3
Evocations     | |  0.2

Action                   |  1- 3 |  4- 6 |  7- 9 | 10-12 || total
-------------------------+-------+-------+-------+-------++-------
Melee: Long sword        |    79 |   255 |   438 |   382 ||  1154
       Headbutt          |    18 |    52 |    74 |   192 ||   336
       Scimitar          |       |       |       |   119 ||   119
       Double sword      |       |       |       |    74 ||    74
Invok: Heroism           |       |       |       |     2 ||     2
Evoke: Wand              |       |       |       |     3 ||     3
  Use: Scroll            |       |       |     8 |     8 ||    16
       Potion            |       |       |     1 |     8 ||     9
  Eat: Chunk             |       |     4 |    18 |    12 ||    34
       Ration            |       |     1 |     1 |     3 ||     5
Armor: Scale mail        |    18 |       |       |    43 ||    61
       Chain mail        |    45 |   156 |   165 |       ||   366
       Plate armour      |       |       |    44 |   223 ||   267
Dodge: Dodged            |    26 |    55 |    91 |   205 ||   377
Block: Shield            |    70 |   142 |   242 |   417 ||   871
       Rpst.: Long sword |     9 |    12 |    22 |    27 ||    70
       Scimitar          |       |       |       |     5 ||     5
       Double sword      |       |       |       |     3 ||     3
